 Dungeon Crawl Stone Soup version 0.30-a0-528-g8c47a4955b (webtiles) character file.

Game seed: 2665639926396930025

1265 nono the Covered (level 8, 0/72 HPs)
             Began as an Armataur Fighter on Dec 23, 2022.
             Was a High Priest of Jiyva.
             Slain by a killer bee (8 damage)
             ... on level 5 of the Dungeon.
             The game lasted 00:12:35 (4086 turns).

nono the Covered (Armataur Fighter)                 Turns: 4086, Time: 00:12:35

Health: 0/72       AC: 12    Str: 23    XL:     8   Next: 27%
Magic:  10/10      EV:  6    Int:  8    God:    Jiyva [*****.]
Gold:   200        SH:  5    Dex: 11    Spells: 7/7 levels left

rFire   . . .      SeeInvis .    a - +0 flail
rCold   . . .      Faith    .    c - +0 buckler
rNeg    . . .      Spirit   .    d - +0 chain mail
rPois   .          Reflect  .    l - +0 helmet
rElec   .          Harm     .    w - +0 cloak
rCorr   +          Roll     +    (no gloves)
Will    .....      Clarity  +    (no barding) Stlth
                                 e - amulet of the acrobat
HPRegen 1.76/turn                p - ring of resist corrosion
MPRegen 0.57/turn                (no ring)

@: lethally poisoned (0 -> -1)
A: large, rugged brown scales 3, deformed body, armoured tail, roll, long
tongue, awkward tongue, clarity, high MP 3
a: Renounce Religion, Oozemancy, Slimify


You were on level 5 of the Dungeon.
You worshipped Jiyva.
Jiyva was extremely pleased with you.
You visited 2 branches of the dungeon, and saw 7 of its levels.
You also visited: Sewer.

You collected 242 gold pieces.
You spent 42 gold pieces at shops.

Inventory:

Hand Weapons
 a - a +0 flail (weapon)
 t - a +3 short sword
Armour
 b - a +0 scale mail
 c - a +0 buckler (worn)
 d - a +0 chain mail (worn)
 l - a +0 helmet (worn)
 w - a +0 cloak (worn)
Jewellery
 e - an amulet of the acrobat (around neck)
 p - a ring of resist corrosion (left hand)
Scrolls
 g - a scroll of fog {unknown}
 h - 3 scrolls of enchant armour {unknown}
 m - 2 scrolls of amnesia {unknown}
 q - 2 scrolls of teleportation
 s - a scroll of immolation {unknown}
 u - a scroll of noise {unknown}
Potions
 f - 3 potions of curing
 i - a potion of lignification
 j - 2 potions of attraction
 k - a potion of brilliance
 n - 3 potions of haste {unknown}
 o - a potion of magic
 r - 2 potions of flight
 v - a potion of heal wounds


   Skills:
 + Level 5.3 Fighting
 + Level 4.8 Maces & Flails
 + Level 6.9 Armour
 + Level 6.4 Shields


You had 7 spell levels left.
You didn't know any spells.
Your spell library contained the following spells:

 Spells                   Type           Power      Damage    Failure   Level
 Ignite Poison            Fire/Tmut/Pois 0%         N/A       100%        3
 Inner Flame              Hex/Fire       0%         N/A       100%        3
 Kindle Blastsparks       Fire/Tloc/Air  0%         2d10      100%        3
 Cause Fear               Hex            0%         N/A       100%        4
 Freezing Cloud           Conj/Ice/Air   0%         6-21      100%        5
 Discord                  Hex            0%         N/A       100%        8


Dungeon Overview and Level Annotations

Branches:
Dungeon (6/15)             Temple (1/1) D:4           Sewer (visited)

Altars:
Jiyva

Shops:
D:5 ?


Innate Abilities, Weirdness & Mutations

You are completely covered in rugged brown scales. (AC +3, +7% HP)
Armour fits poorly on your strangely shaped body.
You have a long armoured tail.
You roll when moving toward enemies. (Rampage)
Your long tongue fully drains potion bottles. (2x potion effects)
Your tongue gives you trouble enunciating. (1.5x scroll delay)
You possess an exceptional clarity of mind.
You have a greatly increased reservoir of magic. (+30% MP)


Message History

You hear a splatter.
You miss the killer bee.
Your tail-slap misses the killer bee.
The killer bee is moderately wounded.
The killer bee barely misses you. You block the killer bee's attack.
You miss the killer bee.
The killer bee is moderately wounded.
The killer bee stings you! The killer bee stings you.
You are poisoned.
The killer bee poisons you! The killer bee stings you.
You are more poisoned.
The killer bee poisons you!
You miss the killer bee.
The killer bee is moderately wounded.
You feel very sick.
The killer bee stings you but does no damage.
The killer bee stings you.
* * * LOW HITPOINT WARNING * * *
You barely miss the killer bee.
Your tail-slap misses the killer bee.
The killer bee is moderately wounded.
You feel very sick. You block the killer bee's attack.
The killer bee stings you but does no damage.
You closely miss the killer bee.
The killer bee is moderately wounded.
You feel very sick.
The killer bee stings you but does no damage.
The killer bee closely misses you. The killer bee stings you.
* * * LOW HITPOINT WARNING * * *
You are more poisoned.
The killer bee poisons you!
You barely miss the killer bee.
Your tail-slap misses the killer bee.
The killer bee is moderately wounded.
You feel very sick. The killer bee barely misses you.
The killer bee stings you but does no damage.
You miss the killer bee.
The killer bee is moderately wounded.
You feel very sick. The killer bee stings you!
You die...

#.# ###.### #.#
#.....# #.#
#.###.# #.# #.#
#.# #.# #.###>#
##.#########.....#
.............###.#
##.#########.# #y#
#.# #.# #@# #.#
#.# #.# #.# #.#
#.# ##.# #.# #.#
...# ###.# #.#
#### #...# #.# .##
#.### #.# #.#
#.#####.# .##
#.##....#


You could see a killer bee.

Vanquished Creatures
  2 black bears
  A centaur (D:5)
  An ogre (D:4)
  A phantom (D:5)
  2 kobold brigands (Sewer)
  2 bullfrogs
  3 scorpions
  A killer bee (D:5)
  Crazy Yiuf (D:5)
  A gnoll bouda (D:5)
  An orc wizard (D:5)
  2 iguanas
  9 gnolls
  A river rat (Sewer)
  9 adders
  2 ufetubi (D:5)
  A worm (D:3)
  2 dart slugs (D:2)
  6 orcs
  4 endoplasms
  3 giant cockroaches
  7 goblins
  7 hobgoblins
  11 jackals
  14 kobolds
  3 quokkas
  3 ball pythons
  6 bats
  3 frilled lizards
  6 rats
115 creatures vanquished.

Vanquished Creatures (others)
  A jelly (D:5)
  A gnoll (D:3)
  An orc (D:4)
  A ball python (D:3)
  2 endoplasms
  3 giant cockroaches
  2 hobgoblins (D:4)
  3 quokkas
  3 rats
  A fungus (D:5)
18 creatures vanquished.

Grand Total: 133 creatures vanquished

Notes
Turn   | Place    | Note
-------+----------+-------------------------------------------
     0 | D:1      | nono the Armataur Fighter began the quest for the Orb.
     0 | D:1      | Reached XP level 1. HP: 19/19 MP: 1/1
    70 | D:1      | Reached XP level 2. HP: 26/26 MP: 2/2
   694 | D:2      | Reached XP level 3. HP: 32/33 MP: 3/3
   881 | D:2      | Noticed a scorpion
   888 | D:2      | Killed a scorpion
   889 | D:2      | Reached XP level 4. HP: 40/40 MP: 4/4
  1025 | D:2      | Found a faded altar of an unknown god.
  1036 | D:2      | Prayed at the altar of an unknown god.
  1036 | D:2      | Became a worshipper of Jiyva Jouppy the Shapeless
  1036 | D:2      | Reached * piety under Jiyva
  1549 | D:3      | Reached ** piety under Jiyva
  1646 | D:3      | Reached XP level 5. HP: 14/48 MP: 5/5
  2093 | D:4      | Found a staircase to the Ecumenical Temple.
  2103 | Temple   | Entered the Ecumenical Temple
  2139 | D:4      | Reached *** piety under Jiyva
  2257 | D:4      | Noticed a black bear
  2290 | D:4      | Killed a black bear
  2291 | D:4      | Reached skill level 5 in Armour
  2291 | D:4      | Reached XP level 6. HP: 45/55 MP: 6/6
  2739 | D:4      | Reached skill level 5 in Shields
  2826 | D:5      | Entered Level 5 of the Dungeon
  2846 | D:5      | Reached XP level 7. HP: 61/64 MP: 7/7
  2908 | D:5      | Found Xussayte's Magic Scroll Shop.
  2922 | D:5      | Bought a scroll of teleportation for 42 gold pieces
  2958 | D:5      | Reached **** piety under Jiyva
  3215 | D:5      | Gained mutation: You have an increased reservoir of magic.
                  | (+10% MP) [Jiyva's grace]
  3215 | D:5      | Gained mutation: You have a considerably increased
                  | reservoir of magic. (+20% MP) [Jiyva's grace]
  3215 | D:5      | Gained mutation: You have a greatly increased reservoir of
                  | magic. (+30% MP) [Jiyva's grace]
  3215 | D:5      | Gained mutation: You possess an exceptional clarity of
                  | mind. [Jiyva's grace]
  3415 | D:5      | Found a glowing drain.
  3424 | Sewer    | Entered a sewer
  3536 | Sewer    | Reached skill level 5 in Fighting
  3536 | Sewer    | Reached XP level 8. HP: 72/72 MP: 10/10
  3547 | Sewer    | Found a white marble altar of Elyvilon.
  3867 | D:5      | Found a runed translucent door.
  3868 | D:5      | Noticed Crazy Yiuf
  3877 | D:5      | Killed Crazy Yiuf
  4011 | D:6      | Reached ***** piety under Jiyva
  4086 | D:5      | Slain by a killer bee

Illustrated notes

Levels and vault maps discovered:
D:1:      nicolae_arrival_washed_ashore, layout_basic
D:2:      layout_basic, hellmonk_ecumenical_altar_pennies_from_heaven,
          minmay_pentomino_r2
D:3:      layout_basic, kennysheep_generic_room_11
D:4:      cheibrodos_barr_body, layout_cave_pods, minmay_temple_entry_slanted
D:5:      layout_loops_ring, serial_shops, shop, gup_sewer_entry_bowl,
          glass_columns_a, uniq_crazy_yiuf_cottage
D:6:      layout_rooms, mainiacjoe_overflow_divided_tiny, gammafunk_ghost_hive
Temple:   mainiacjoe_temple_big_plus

Skill      XL: |  1  2  3  4  5  6  7 |
---------------+----------------------+-----
Maces & Flails | 2 3 4 |  4.8
Armour         | 4 5 6 |  6.9
Fighting       | 3 4 5 |  5.3
Shields        | 4 5 6 |  6.4

Action                   |  1- 3 |  4- 6 |  7- 9 || total
-------------------------+-------+-------+-------++-------
Melee: Flail             |    84 |   185 |   183 ||   452
       Tailslap          |     8 |    16 |    17 ||    41
  Use: Potion            |       |     2 |       ||     2
       Scroll            |       |       |     5 ||     5
Armor: Scale mail        |    53 |    50 |       ||   103
       Chain mail        |       |   101 |   164 ||   265
Dodge: Dodged            |    39 |    78 |    93 ||   210
Block: Buckler           |    15 |    49 |    69 ||   133

Table legend: (Time is in decaauts)
 A = Elapsed time spent in this place.
 B = Non-inter-level travel time spent in this place.
 C = Inter-level travel time spent in this place.
 D = Time resting spent in this place.
 E = Time spent auto-exploring this place.
 F = Levels seen in this place.
 G = Mean time per level.
                   A        B        C        D        E       F      G
               +--------+--------+--------+--------+--------+-----+--------+
         Total |   4205 |   4018 |    187 |     21 |   2746 |   8 |  525.6 |
       Dungeon |   3943 |   3756 |    187 |     21 |   2615 |   6 |  657.2 |
        Temple |      1 |      1 |      0 |      0 |      0 |   1 |    1.0 |
         Sewer |    260 |    260 |      0 |      0 |    131 |   1 |  260.0 |
               +--------+--------+--------+--------+--------+-----+--------+

Top non-repeatable levels by time:
     D:5: 992 daAuts
     D:2: 870 daAuts
     D:4: 765 daAuts
     D:1: 680 daAuts
     D:3: 581 daAuts
   Sewer: 260 daAuts
     D:6: 52 daAuts
  Temple: 1 daAuts
